 Dungeon Crawl Stone Soup version 0.30-a0-374-g95c0257040 (webtiles) character file.

Game seed: 17046752319329478269

305 qeuew the Shield-Bearer (level 6, -1/51 HPs)
             Began as a Formicid Fighter on Nov 26, 2022.
             Was an Initiate of Nemelex Xobeh.
             Slain by a gnoll
             ... wielding a +0 halberd
              (3 damage)
             ... on level 4 of the Dungeon.
             The game lasted 00:04:18 (3401 turns).

qeuew the Shield-Bearer (Formicid Fighter)          Turns: 3401, Time: 00:04:19

Health: -1/51      AC:  7    Str: 21    XL:     6   Next: 66%
Magic:  6/6        EV: 10    Int:  7    God:    Nemelex Xobeh [......]
Gold:   85         SH:  5    Dex: 15    Spells: 5/5 levels left

rFire   . . .      SeeInvis +    a - +0 war axe
rCold   . . .      Faith    .    c - +0 buckler
rNeg    . . .      Spirit   .    b - +0 scale mail
rPois   .          Reflect  .    (helmet unavailable)
rElec   .          Harm     .    (no cloak)
rCorr   .          Rampage  .    (no gloves)
Will    .....                    (no boots)
Stlth   ..........               (no amulet)
HPRegen 0.28/turn                (no ring)
MPRegen 0.10/turn                (no ring)

@: no status effects
A: permanent stasis, dig shafts and tunnels, antennae 3, four strong arms
a: Dig, Shaft Self, Renounce Religion, Draw Escape, Draw Destruction, Draw
Summoning


You were on level 4 of the Dungeon.
You worshipped Nemelex Xobeh.
Nemelex Xobeh was noncommittal.
You visited 2 branches of the dungeon, and saw 5 of its levels.

You collected 85 gold pieces.

Inventory:

Hand Weapons
 a - a +0 war axe (weapon)
Armour
 b - a +0 scale mail (worn)
 c - a +0 buckler (worn)
Potions
 d - 4 potions of might
 f - a potion of curing
 g - 3 potions of flight
 h - a potion of cancellation


   Skills:
 * Level 5.0 Fighting
 + Level 2.9 Axes
 * Level 4.9 Armour
 + Level 1.7 Dodging
 + Level 5.0 Shields
 * Level 0.2 Invocations


You had 5 spell levels left.
You didn't know any spells.
Your spell library contained the following spells:

 Spells                   Type           Power      Damage    Failure   Level
 Magic Dart               Conj           0%         1d3       83%         1
 Slow                     Hex            0%         N/A       83%         1
 Searing Ray              Conj           0%         2d4       92%         2
 Confusing Touch          Hex            0%         N/A       99%         3
 Gell's Gravitas          Tloc           0%         N/A       99%         3
 Teleport Other           Tloc           0%         N/A       99%         3
 Vampiric Draining        Necr           0%         2d6       99%         3
 Fulminant Prism          Conj/Hex       0%         3d5       100%        4
 Summon Ice Beast         Ice/Summ       0%         N/A       100%        4
 Summon Mana Viper        Hex/Summ       0%         N/A       100%        5
 Dispersal                Tloc           0%         N/A       100%        6
 Monstrous Menagerie      Summ           0%         N/A       100%        7


Dungeon Overview and Level Annotations

Branches:
Dungeon (4/15)             Temple (1/1) D:4

Altars:
Ashenzari
Cheibriados
Dithmenos
Elyvilon
Gozag
Kikubaaqudgha
Nemelex Xobeh
Qazlal
Ru
Trog
Uskayaw
Vehumet
Wu Jian
Yredelemnul
The Shining One

Shops:
D:3 *


Innate Abilities, Weirdness & Mutations

You cannot be hasted, slowed, berserked, paralysed or teleported.
You can dig through walls and to a lower floor.
You have a pair of large antennae on your head. (SInv)
Your four strong arms can wield two-handed weapons with a shield.


Message History

You barely miss the gnoll.
You feel sick. The gnoll barely misses you. You block the gnoll's attack.
You hit the gnoll.
The gnoll is heavily wounded.
You feel sick.
You are no longer poisoned.
The gnoll hits you with a +0 halberd.
You hit the gnoll but do no damage.
The gnoll is heavily wounded.
You block the gnoll's attack. The gnoll hits you with a +0 halberd.
You closely miss the gnoll.
The gnoll is heavily wounded.
The gnoll hits you with a +0 halberd.
You are too injured to fight recklessly!
You are too injured to fight recklessly!
You are too injured to fight recklessly!
You are too injured to fight recklessly!
You are too injured to fight recklessly!
You are too injured to fight recklessly!
You are too injured to fight recklessly!
You are too injured to fight recklessly!
You are too injured to fight recklessly!
You are too injured to fight recklessly!
You are too injured to fight recklessly!
You are too injured to fight recklessly!
You are too injured to fight recklessly!
You hit the gnoll.
The gnoll is heavily wounded.
The gnoll closely misses you.
You closely miss the gnoll.
The gnoll is heavily wounded.
The gnoll hits you with a +0 halberd!
* * * LOW HITPOINT WARNING * * *
The gnoll hits you with a +0 halberd!
* * * LOW HITPOINT WARNING * * *
You hit the gnoll but do no damage.
The gnoll is heavily wounded.
The gnoll hits you with a +0 halberd.
You die...
Your body disappears without a glow.

#.## #.##>.###.##
#..###.###.##...#
##.....# #.##.⌠.#
#####.# #..#...#
#..######.###
#..# #⌠...⌠#{
...# #.....# .#..
#..>..# . ###
#..@).# ..
#⌠.g.⌠# ###.###
#...# #.⌠.# #...#
##.## #.## #.$#


You could see a gnoll.

Vanquished Creatures
  A phantom (D:2)
  The ghost of AigisTheKnight the Magician, an amateur DsHW (D:3)
  Crazy Yiuf (D:2)
  A hound (D:3)
  2 gnolls (D:4)
  3 adders (D:2)
  2 worms (D:2)
  3 dart slugs
  3 ball pythons
  3 endoplasms
  7 giant cockroaches
  2 goblins (D:1)
  3 quokkas
  2 bats
  A frilled lizard (D:2)
  2 kobolds
  7 rats
44 creatures vanquished.

Vanquished Creatures (others)
  2 fungi (D:2)
  9 plants (D:2)
11 creatures vanquished.

Grand Total: 55 creatures vanquished

Notes
Turn   | Place    | Note
-------+----------+-------------------------------------------
     0 | D:1      | qeuew the Formicid Fighter began the quest for the Orb.
     0 | D:1      | Reached XP level 1. HP: 18/18 MP: 1/1
    64 | D:1      | Reached XP level 2. HP: 24/24 MP: 2/2
   357 | D:1      | Found a faded altar of an unknown god.
  1361 | D:2      | Noticed a phantom
  1367 | D:2      | Killed a phantom
  1368 | D:2      | Reached skill level 1 in Dodging
  1368 | D:2      | Reached XP level 3. HP: 19/30 MP: 3/3
  1368 | D:2      | Reached XP level 4. HP: 23/37 MP: 4/4
  1423 | D:2      | You fall into a shaft and drop 1 floor!
  1435 | D:3      | Reached XP level 5. HP: 43/43 MP: 5/5
  2043 | D:2      | Found a runed translucent door.
  2044 | D:2      | Noticed Crazy Yiuf
  2052 | D:2      | Killed Crazy Yiuf
  2053 | D:2      | Reached XP level 6. HP: 17/49 MP: 6/6
  2066 | D:2      | Identified the +4 hammer "Porpherche" {flame, *Rage rF++
                  | rN++}
  2367 | D:3      | Found a hide-covered altar of Uskayaw.
  2458 | D:3      | Found a stormy altar of Qazlal.
  2559 | D:3      | Found Ohaafaol's Assorted Antiques.
  2590 | D:3      | Found a runed translucent door.
  2592 | D:3      | Noticed AigisTheKnight's ghost (amateur DsHW)
  2600 | D:3      | Killed AigisTheKnight's ghost
  2601 | D:3      | Reached skill level 5 in Shields
  3221 | D:4      | Found a staircase to the Ecumenical Temple.
  3256 | Temple   | Entered the Ecumenical Temple
  3374 | Temple   | Became a worshipper of Nemelex Xobeh the Trickster
  3392 | D:4      | Reached skill level 5 in Fighting
  3400 | D:4      | HP: 2/51 [gnoll/+0 halberd (8)]
  3401 | D:4      | Slain by a gnoll

Illustrated notes

Levels and vault maps discovered:
D:1:      dpeg_arrival_round_b, layout_basic, chequers_ecumenical_altar_twisty,
          serial_rivers, chequers_serial_rivers_micro_b,
          chequers_serial_rivers_large_b, chequers_serial_rivers_micro_e,
          chequers_serial_rivers_micro_e, chequers_serial_rivers_micro_d,
          chequers_serial_rivers_room_a, amcnicky_mini_rare_corridor_liquid
D:2:      layout_loops_cross, serial_forest, infiniplex_forest_clump_large,
          infiniplex_forest_lined_4_way, infiniplex_forest_end_3,
          infiniplex_forest_lined_2, infiniplex_forest_zigzag_1,
          infiniplex_forest_clump_small, infiniplex_forest_lined_3_way,
          uniq_crazy_yiuf_cottage
D:3:      layout_loops_ring, old_standard_altar, mainiacjoe_overflow_chevrons,
          ebering_ghost_reflecting_pool, serial_shops, shop, eino_tiny_chamber
D:4:      layout_rooms, minmay_temple_entry_antechambers
Temple:   cyrus_circular_temple

Skill      XL: |  1  2  3  4  5  6 |
---------------+-------------------+-----
Fighting       | 4 5 |  5.0
Armour         | 4 |  4.9
Dodging        | 1 |  1.7
Shields        | 5 |  5.0
Axes           | |  2.9
Invocations    | |  0.2

Action                   |  1- 3 |  4- 6 || total
-------------------------+-------+-------++-------
Melee: War axe           |    26 |   110 ||   136
  Use: Scroll            |     4 |     3 ||     7
       Potion            |     1 |     1 ||     2
Armor: Scale mail        |     6 |    48 ||    54
Dodge: Dodged            |     9 |    46 ||    55
Block: Buckler           |     3 |    34 ||    37

Table legend: (Time is in decaauts)
 A = Elapsed time spent in this place.
 B = Non-inter-level travel time spent in this place.
 C = Inter-level travel time spent in this place.
 D = Time resting spent in this place.
 E = Time spent auto-exploring this place.
 F = Levels seen in this place.
 G = Mean time per level.
                   A        B        C        D        E       F      G
               +--------+--------+--------+--------+--------+-----+--------+
         Total |   3482 |   3372 |    110 |    100 |   2840 |   5 |  696.4 |
       Dungeon |   3348 |   3256 |     92 |    100 |   2741 |   4 |  837.0 |
        Temple |    133 |    115 |     18 |      0 |     99 |   1 |  133.0 |
               +--------+--------+--------+--------+--------+-----+--------+

Top non-repeatable levels by time:
     D:1: 1395 daAuts
     D:2: 992 daAuts
     D:3: 860 daAuts
  Temple: 133 daAuts
     D:4: 99 daAuts
